AoeStats
← TheFather

Arabia

505447207Analyzed
1v1 RM · 23d ago on Sep 9, 2026· 37m 30s· 2 players
Game mode
Random Map
Map size
Tiny (2 player)
Population
200
Speed
Normal
Resources
Standard
Victory
Conquest
Starting age
Dark Age
Ending age
Imperial Age
RankedLock teamsTeams togetherTeam positionsShared explorationLock speedFull tech treeHidden civsTurbo modeCheats
Victory
Defeat
🇨🇳 Wei · China
1214
+15
🇵🇱 Berbers · Poland
1183
-15
H2blue
7:39 Loom
10:12 Feudal Age
10:34 Man-at-Arms
15:13 Double-Bit Axe
16:43 Fletching
17:27 Horse Collar
18:13 Gold Mining
23:31 Castle Age
21:50 Stone Mining
22:45 Bloodlines
22:37 Padded Archer Armor
23:28 Scale Barding Armor
24:19 Husbandry
24:18 Bodkin Arrow
24:40 Bow Saw
25:58 Wheelbarrow
28:11 Chain Barding Armor
37:12 Imperial Age
35:02 Hand Cart
36:46 Gold Shaft Mining
36:47 Stone Shaft Mining
37:56 Bracer
38:21 Conscription
TheFather
6:39 Loom
9:32 Feudal Age
10:57 Double-Bit Axe
10:56 Horse Collar
16:55 Town Watch
18:27 Fletching
24:03 Castle Age
22:10 Padded Archer Armor
23:38 Scale Barding Armor
24:02 Bloodlines
24:04 Forging
25:49 Chain Barding Armor
26:04 Husbandry
30:12 Iron Casting
33:01 Bodkin Arrow
36:12 Wheelbarrow
Connection lost

Rejoining the realm…

Still unreachable

The connection could not be restored.

Session expired

The server has moved on; the page needs a fresh start.